 Dungeon Crawl Stone Soup version 0.29.0-4-gdea44cf6ec (webtiles) character file.

Game seed: 14913867804870680614

86 qw the Chopper (level 4, 0/26 HPs)
             Began as a Tengu Warper on Aug 28, 2022.
             Slain by a gnoll bouda
             ... wielding a +0 whip
              (9 damage)
             ... on level 3 of the Dungeon.
             The game lasted 00:00:13 (1774 turns).

qw the Chopper (Tengu Warper)                       Turns: 1774, Time: 00:00:13

Health: 0/26       AC: 16    Str: 14    XL:     4   Next: 49%
Magic:  8/8        EV: 11    Int: 13    God:
Gold:   120        SH:  0    Dex: 13    Spells: 7/7 levels left

rFire   . . .      SeeInvis .   Y - +0 hand axe (protect)
rCold   . . .      Faith    .   (no shield)
rNeg    . . .      Spirit   .   h - +0 ring mail
rPois   .          Reflect  .   (helmet restricted)
rElec   .          Harm     .   (no cloak)
rCorr   .          Rampage  .   (no gloves)
Will    .....                   (boots unavailable)
Stlth   +.........              (no amulet)
HPRegen 0.08/turn               i - +4 ring of protection
MPRegen 0.11/turn               (no ring)

@: weakened, under a protective aura
A: beak, talons 3
a: no special abilities


You were on level 3 of the Dungeon.
You visited 1 branch of the dungeon, and saw 3 of its levels.

You collected 120 gold pieces.


Innate Abilities, Weirdness & Mutations

You have a beak for a mouth.
You have claws for feet.


   Skills:
 - Level 2.0 Fighting
 + Level 5.0 Axes
 - Level 1.0 Throwing
 - Level 1.1 Armour
 - Level 2.1 Dodging
 - Level 2.0 Spellcasting
 - Level 2.4 Translocations


You had 7 spell levels left.
You didn't know any spells.
Your spell library contained the following spells:

 Spells                   Type           Power      Damage    Failure   Level
 Blink                    Tloc           14%        N/A       30%         2
 Gell's Gravitas          Tloc           7%         N/A       52%         3
 Lesser Beckoning         Tloc           7%         N/A       52%         3
 Teleport Other           Tloc           7%         N/A       52%         3
 Manifold Assault         Tloc           7%         N/A       99%         5

Inventory:

Hand Weapons
 d - a +0 flail
 Y - a +0 hand axe of protection (weapon)
Armour
 h - a +0 ring mail (worn)
Jewellery
 i - a +4 ring of protection (left hand)
Scrolls
 f - a scroll of identify
Potions
 a - a potion of curing
 e - a potion of might {unknown}
 g - a potion of ambrosia {unknown}

Dungeon Overview and Level Annotations

Branches:
Dungeon (3/15)

Altars:


Message History

You hit the gnoll but do no damage. You claw the gnoll.
Your peck misses the gnoll.
The gnoll is heavily wounded.
You hit the plant.
The orc hits the plant with a +0 mace!
The gnoll hits the plant with a +0 flail!
You hit the gnoll but do no damage. You peck the gnoll.
The gnoll is severely wounded.
You hit the plant. The gnoll hits you with a +0 flail.
You barely miss the gnoll. You claw the gnoll, but do no damage.
The gnoll is severely wounded.
You hit the orc but do no damage. You hit the plant.
A nearby plant withers and dies. x2; The gnoll hits you but does no damage.
The orc closely misses you. The gnoll closely misses you.
The gnoll hits you from afar with a +0 spear.
You hit the gnoll but do no damage. Your peck misses the gnoll.
The gnoll is severely wounded.
You hit the gnoll bouda but do no damage.
You hit the orc. The gnoll bouda closely misses you. The gnoll misses you.
The orc closely misses you.
The gnoll hits you but does no damage. x2
You hit the gnoll.
You kill the gnoll!
You hit the orc but do no damage.
You hit the gnoll bouda but do no damage.
A nearby plant withers and dies.
The gnoll completely misses you. The orc hits you but does no damage.
The gnoll bouda gazes fiercely through you!
You feel your attacks grow feeble.
The gnoll bouda hits you with a +0 whip.
The gnoll barely misses you.
Your Axes skill increases to level 5!
You hit the orc but do no damage. Your peck misses the orc.
The orc is moderately wounded.
You closely miss the gnoll bouda. You hit the gnoll.
The gnoll barely misses you. The gnoll hits you with a +0 club.
The orc hits you with a +0 mace.
The gnoll bouda hits you with a +0 whip!
You die...

#.###.####..#
#...........#
#####.#####.#
###########.#
...
..........?.#
#######.#####
#..# #
#..####..###
#...@gg....#
#..P.gog.[...
#.PP.g.g....#
#.PPP...P....
#.P.........#
#.......P...#
#.......P...#
......PP....#


You could see a gnoll bouda, 4 gnolls, an orc and a hobgoblin.

Vanquished Creatures
  A gnoll (D:3)
  An adder (D:3)
  2 worms (D:2)
  3 dart slugs
  8 endoplasms
  2 giant cockroaches (D:1)
  5 goblins
  6 hobgoblins
  2 jackals (D:1)
  3 kobolds
  3 quokkas
  2 ball pythons (D:2)
  6 bats
  A frilled lizard (D:1)
  6 rats
51 creatures vanquished.

Vanquished Creatures (others)
  3 plants (D:3)
3 creatures vanquished.

Grand Total: 54 creatures vanquished

Notes
Turn   | Place    | Note
-------+----------+-------------------------------------------
     0 | D:1      | qw the Tengu Warper began the quest for the Orb.
     0 | D:1      | Reached XP level 1. HP: 12/12 MP: 4/4
     0 | D:1      | 0 ||| qw: Version: 0.1-a-89-g26bdef1
     0 | D:1      | 0 ||| qw: Game counter: 1865
     0 | D:1      | 0 ||| qw: Always use a shield: true
     0 | D:1      | 0 ||| qw: God list: Okawaru
     0 | D:1      | 0 ||| qw: Allow faded altars: false
     0 | D:1      | 0 ||| qw: Do Orc after D:15 true
     0 | D:1      | 0 ||| qw: Do second Lair branch before Depths: true
     0 | D:1      | 0 ||| qw: Lair rune preference: random
     0 | D:1      | 0 ||| qw: Plans: Normal
     0 | D:1      | 0 ||| PLANNING D:1-11
   247 | D:1      | Reached skill level 3 in Axes
   247 | D:1      | Reached XP level 2. HP: 16/17 MP: 6/6
   333 | D:1      | You fall into a shaft and drop 1 floor!
   356 | D:2      | 356 ||| READING scroll labelled EDEMMI JEMAU.
   363 | D:2      | 363 ||| READING 2 scrolls labelled XIGHE LEUMUIN.
   364 | D:2      | 364 ||| READING scroll labelled BUIMYV DE ZEE.
   365 | D:2      | 365 ||| DROPPING scroll of blinking.
   384 | D:2      | 384 ||| STAIRDANCE
   500 | D:1      | 500 ||| Stepping ~*~*~tactically~*~*~ (stealth).
   599 | D:1      | Reached XP level 3. HP: 21/21 MP: 7/7
   665 | D:1      | Reached skill level 4 in Axes
  1078 | D:1      | 1078 ||| READING 2 scrolls of identify.
  1078 | D:1      | 1078 ||| IDENTIFYING silvery potion
  1239 | D:2      | 1239 ||| FLEEEEING.
  1240 | D:2      | 1240 ||| FLEEEEING.
  1241 | D:2      | 1241 ||| FLEEEEING.
  1242 | D:2      | 1242 ||| FLEEEEING.
  1243 | D:2      | 1243 ||| FLEEEEING.
  1244 | D:2      | 1244 ||| FLEEEEING.
  1245 | D:2      | 1245 ||| FLEEEEING.
  1246 | D:2      | 1246 ||| FLEEEEING.
  1247 | D:2      | 1247 ||| FLEEEEING.
  1248 | D:2      | 1248 ||| FLEEEEING.
  1249 | D:2      | 1249 ||| FLEEEEING.
  1250 | D:2      | 1250 ||| FLEEEEING.
  1251 | D:2      | 1251 ||| FLEEEEING.
  1252 | D:2      | 1252 ||| FLEEEEING.
  1259 | D:2      | Reached XP level 4. HP: 22/26 MP: 8/8
  1262 | D:2      | 1262 ||| STAIRDANCE
  1304 | D:2      | 1304 ||| Stepping ~*~*~tactically~*~*~ (hiding).
  1305 | D:2      | 1305 ||| Stepping ~*~*~tactically~*~*~ (hiding).
  1430 | D:2      | 1430 ||| DROPPING +0 club.
  1631 | D:2      | 1631 ||| UPGRADING to +0 ring mail.
  1641 | D:2      | 1641 ||| DROPPING +0 leather armour.
  1642 | D:2      | 1642 ||| DROPPING amulet of faith.
  1643 | D:2      | 1643 ||| UPGRADING to +4 ring of protection.
  1644 | D:2      | 1644 ||| READING scroll labelled UVVECON HENGEI.
  1645 | D:2      | 1645 ||| DRINKING 2 ruby potions.
  1686 | D:2      | 1686 ||| READING 2 scrolls of identify.
  1686 | D:2      | 1686 ||| IDENTIFYING cyan potion
  1687 | D:2      | 1687 ||| DROPPING potion of brilliance.
  1688 | D:2      | 1688 ||| DROPPING potion of lignification.
  1774 | D:3      | Reached skill level 5 in Axes
  1774 | D:3      | Slain by a gnoll bouda

Levels and vault maps discovered:
D:1:      ncdulo_smallfort, layout_basic, solitary_fountain
D:2:      layout_rooms
D:3:      layout_loops_ring, cheibrodos_ashenzari_chains, nicolae_grassy_gnolls

Skill      XL: |  1  2  3  4 |
---------------+-------------+-----
Axes           | 3 4 5 |  5.0
Fighting       | |  2.0
Throwing       | |  1.0
Armour         | |  1.1
Dodging        | |  2.1
Spellcasting   | |  2.0
Translocations | |  2.4

Action                   |  1- 3 |  4- 6 || total
-------------------------+-------+-------++-------
Melee: Hand axe          |    84 |    24 ||   108
       Kick              |    18 |     5 ||    23
       Peck              |    18 |     4 ||    22
Throw: Boomerang         |     7 |       ||     7
  Use: Scroll            |     4 |     2 ||     6
       Potion            |       |     1 ||     1
Armor: Leather armour    |    18 |     2 ||    20
       Ring mail         |       |     7 ||     7
Dodge: Dodged            |    31 |    13 ||    44

Table legend:
 A = Non-vault XP
 B = Vault XP
 C = Vault XP percentage of total XP
 D = Non-vault monster count
 E = Vault monster count
 F = Vault count percentage of total count
                 A         B        C        D         E       F
            +---------+---------+-------+---------+---------+-------
      Total |     109 |      14 |  11.4 |      50 |       1 |   2.0
            +---------+---------+-------+---------+---------+-------
        D:1 |      58 |       0 |   0.0 |      31 |       0 |   0.0
        D:2 |      38 |       0 |   0.0 |      18 |       0 |   0.0
        D:3 |      13 |      14 |  51.9 |       1 |       1 |  50.0
            +---------+---------+-------+---------+---------+-------
